 Dungeon Crawl Stone Soup version 0.29.0-5-ge4962eb29e (webtiles) character file.

Game seed: 15649242396902539569

107 Flugkiller the Covered (level 4, -1/41 HPs)
             Began as a Minotaur Fighter on Aug 29, 2022.
             Slain by an orc warrior
             ... wielding a +0 long sword
              (10 damage)
             ... on level 3 of the Dungeon.
             The game lasted 00:01:00 (2017 turns).

Flugkiller the Covered (Minotaur Fighter)           Turns: 2017, Time: 00:01:01

Health: -1/41      AC: 11    Str: 20    XL:     4   Next: 57%
Magic:  3/3        EV:  9    Int:  5    God:
Gold:   191        SH:  4    Dex: 12    Spells: 3/3 levels left

rFire   . . .      SeeInvis .   a - +0 war axe
rCold   . . .      Faith    .   c - +0 buckler
rNeg    . . .      Spirit   .   b - +0 scale mail
rPois   .          Reflect  .   (helmet restricted)
rElec   .          Harm     .   o - +0 cloak
rCorr   .          Rampage  .   s - +1 pair of gloves {Stlth+}
Will    .....                   k - +0 pair of boots
Stlth   +.........              (no amulet)
HPRegen 0.13/turn               (no ring)
MPRegen 0.08/turn               (no ring)

@: mighty
A: horns 2, retaliatory headbutt
a: no special abilities


You were on level 3 of the Dungeon.
You visited 1 branch of the dungeon, and saw 3 of its levels.

You collected 191 gold pieces.

Inventory:

Hand Weapons
 a - a +0 war axe (weapon)
Missiles
 j - 4 silver javelins (quivered)
Armour
 b - a +0 scale mail (worn)
 c - a +0 buckler (worn)
 k - a +0 pair of boots (worn)
   (You found it on level 2 of the Dungeon)
 o - a +0 cloak (worn)
   (You found it on level 2 of the Dungeon)
 s - a +1 pair of gloves of stealth (worn)
   (You found it on level 3 of the Dungeon)
Wands
 t - a wand of mindburst (14)
   (You found it on level 3 of the Dungeon)
Scrolls
 e - a scroll of identify {unknown}
 g - a scroll of magic mapping {unknown}
 h - 2 scrolls of teleportation {unknown}
 l - a scroll of brand weapon {unknown}
 n - 2 scrolls of vulnerability {unknown}
 q - a scroll of silence {unknown}
 r - 3 scrolls of enchant weapon {unknown}
Potions
 d - a potion of might
 f - a potion of magic {unknown}
 i - a potion of brilliance {unknown}
 m - a potion of haste {unknown}
 p - a potion of curing {unknown}


   Skills:
 + Level 4.3 Fighting
 * Level 4.3 Axes
 + Level 1.1 Throwing
 + Level 4.4 Armour
 - Level 3.6 Shields


You had 3 spell levels left.
You didn't know any spells.
Your spell library was empty.

Dungeon Overview and Level Annotations

Branches:
Dungeon (3/15)

Altars:
Elyvilon


Innate Abilities, Weirdness & Mutations

You have a pair of horns on your head.
You reflexively headbutt those who attack you in melee.


Message History

h - 2 scrolls labelled LIOTHOEFRA (gained 1)
Items here: )) [ ††.
No target in view!
You start resting.
HP restored.
You now have 187 gold pieces (gained 15).
You now have 191 gold pieces (gained 4).
A kobold comes into view. It is wielding a +0 dagger.
A kobold is nearby!
A kobold is nearby!
A kobold is nearby!
A kobold is nearby!
No reachable target in view!
You see here a +1 pair of gloves of stealth.
s - a +1 pair of gloves of stealth The kobold hits you but does no damage.
You barely miss the kobold.
You headbutt the kobold, but do no damage.
The kobold hits you but does no damage.
You closely miss the kobold. You block the kobold's attack.
The kobold hits you but does no damage.
You closely miss the kobold. The kobold hits you but does no damage.
You barely miss the kobold. The kobold hits you but does no damage.
You hit the kobold.
The kobold is severely wounded.
The kobold hits you but does no damage. The kobold misses you.
You slash the kobold!
You kill the kobold!
You start putting on your armour.
You continue putting on your +1 pair of gloves of stealth. x4
You finish putting on your +1 pair of gloves of stealth.
You feel stealthy.
Things that are here:
a +0 dagger; a kobold corpse
t - a wand of mindburst (14)
A kobold comes into view.
It is wielding a +0 club and carrying a wand of iceblast (10).
A kobold is nearby!
A kobold is nearby!
A kobold is nearby!
The kobold shouts!
The kobold barely misses you. You furiously retaliate!
You headbutt the kobold. You barely miss the kobold.
Your headbutt misses the kobold.
The kobold is moderately wounded.
The kobold zaps a wand.
The mass of ice explodes!
The iceblast engulfs you.
The iceblast engulfs the kobold!!
The kobold dies!
You hear a shout! x4
No target in view!
No target in view!
No target in view!
No target in view!
No target in view!
No target in view!
No target in view!
A rat comes into view.
A rat is nearby!
A rat is nearby!
Things that are here:
a +0 club; a wand of iceblast (9); 10 gold pieces An orc priest comes into view.
It is wielding a +0 club.
The orc priest shouts!
The orc priest calls down the wrath of Beogh upon you.
Beogh smites you! The rat bites you but does no damage.
You slash the rat!
You kill the rat!
An orc priest comes into view. It is wielding a +0 mace.
An orc warrior comes into view. It is wielding a +0 long sword.
You see here a rat corpse.
You slash the orc priest!
The orc priest is heavily wounded.
The orc priest mumbles some strange prayers to Beogh against you.
Beogh smites you!
You hear an angry hiss.
You barely miss the orc priest.
The orc priest is heavily wounded.
The orc priest misses you. You furiously retaliate!
You headbutt the orc priest. You closely miss the orc priest.
The orc priest is severely wounded.
A bat comes into view.
The orc priest hits you with a +0 club.
You are too injured to fight recklessly!
There are monsters nearby!
There are monsters nearby!
You are too injured to fight recklessly!
You feel very mighty all of a sudden.
The orc priest hits you but does no damage.
The orc priest looks encouraged for a moment.
You are too injured to fight recklessly!
You completely miss the orc warrior. You headbutt the orc warrior!
The orc warrior is severely wounded.
You barely miss the orc priest. The bat hits you.
An orc comes into view. It is wielding a +0 falchion.
The orc warrior hits you with a +0 long sword.
The orc priest hits you but does no damage.
The orc priest hits you with a +0 club.
* * * LOW HITPOINT WARNING * * *
The orc warrior hits you with a +0 long sword!
You die...

#. .# .# #.## .# #o..
.# #... #.# #..#
#..#b..# #.oo..##
##@o...###
.#.........
#.#.....### #.#
#.#)...## #.#
#.#.#### #.# #.#.#
#.# #.#.# #.#
##.#.######## #.#
#.......)...####.####


You could see an orc warrior, 2 orc priests, an orc (wandering) and a bat.

Vanquished Creatures
  An orc priest (D:3)
  2 adders
  A worm (D:2)
  2 dart slugs (D:2)
  2 orcs (D:3)
  3 endoplasms
  3 giant cockroaches
  3 goblins (D:1)
  5 hobgoblins
  4 jackals
  4 kobolds
  6 quokkas
  2 ball pythons (D:1)
  A bat (D:1)
  2 frilled lizards
  6 rats
47 creatures vanquished.

Vanquished Creatures (others)
  A kobold (D:3)
1 creature vanquished.

Grand Total: 48 creatures vanquished

Notes
Turn   | Place    | Note
-------+----------+-------------------------------------------
     0 | D:1      | Flugkiller the Minotaur Fighter began the quest for the
                  | Orb.
     0 | D:1      | Reached XP level 1. HP: 19/19 MP: 0/0
   403 | D:1      | Reached XP level 2. HP: 27/27 MP: 1/1
   751 | D:2      | Reached XP level 3. HP: 33/33 MP: 2/2
   957 | D:2      | Found a faded altar of an unknown god.
  1533 | D:2      | Identified the +6 mace "Annis" {drain, Fly rElec}
  1819 | D:3      | Found a white marble altar of Elyvilon.
  1828 | D:3      | Reached XP level 4. HP: 37/40 MP: 3/3
  1832 | D:3      | Reached skill level 1 in Throwing
  2011 | D:3      | Noticed an orc warrior
  2017 | D:3      | Slain by an orc warrior

Illustrated notes

Levels and vault maps discovered:
D:1:      mrwooster_arrival_statue_3, layout_basic
D:2:      layout_basic, hellmonk_ecumenical_altar_leap_of_faith
D:3:      layout_loops_ring, mainiacjoe_overflow_concentric_impassable

Skill      XL: |  1  2  3  4 |
---------------+-------------+-----
Axes           | 3 4 |  4.3
Armour         | 4 |  4.4
Fighting       | 4 |  4.3
Throwing       | 1 |  1.1
Shields        | |  3.6

Action                   |  1- 3 |  4- 6 || total
-------------------------+-------+-------++-------
Melee: War axe           |    88 |    18 ||   106
       Headbutt          |    11 |     3 ||    14
  Use: Potion            |       |     1 ||     1
Armor: Scale mail        |    38 |     9 ||    47
Dodge: Dodged            |    36 |     4 ||    40
Block: Buckler           |    11 |     3 ||    14
